 Dungeon Crawl Stone Soup version 0.30-a0-465-g8901f6c8b5 (webtiles) character file.

Game seed: 2531543507372856421

380 HoaS the Skirmisher (level 6, -2/35 HPs)
             Began as a Tengu Hunter on Dec 17, 2022.
             Was a Follower of Zin.
             Slain by a hound (4 damage)
             ... on level 4 of the Dungeon.
             The game lasted 00:06:34 (2604 turns).

HoaS the Skirmisher (Tengu Hunter)                  Turns: 2604, Time: 00:06:34

Health: -2/35      AC:  4    Str: 11    XL:     6   Next: 75%
Magic:  0/7        EV: 14    Int:  9    God:    Zin [*.....]
Gold:   215        SH:  0    Dex: 20    Spells: 5/5 levels left

rFire   . . .      SeeInvis .    a - +1 shortbow (drain)
rCold   + . .      Faith    .    (shield currently unavailable)
rNeg    . . .      Spirit   +    c - +1 leather armour
rPois   .          Reflect  .    (helmet restricted)
rElec   .          Harm     .    (no cloak)
rCorr   .          Rampage  .    (no gloves)
Will    .....                    (boots unavailable)
Stlth   ++........               f - amulet of guardian spirit
HPRegen 0.25/turn                n - ring of protection from cold
MPRegen 0.10/turn                (no ring)

@: flying quickly and evasively, quick
A: beak, talons 3, nimble flight
a: Renounce Religion, Recite, Donate Gold


You were on level 4 of the Dungeon.
You worshipped Zin.
Zin was aware of your devotion.
You visited 1 branch of the dungeon, and saw 4 of its levels.

You collected 238 gold pieces.
You donated 23 gold pieces to Zin.

Inventory:

Hand Weapons
 a - a +1 shortbow of draining (weapon)
Armour
 c - a +1 leather armour (worn)
Jewellery
 f - an amulet of guardian spirit (around neck)
 n - a ring of protection from cold (left hand)
Wands
 o - a wand of flame (13)
 p - a wand of paralysis (3)
 s - a wand of polymorph (9)
Scrolls
 b - a scroll of immolation
 d - a scroll of blinking
 q - a scroll of teleportation
Potions
 e - a potion of flight
 g - a potion of lignification
 h - 2 potions of attraction
 i - 2 potions of haste {unknown}
 j - a potion of degeneration {unknown}
 k - 2 potions of mutation
 l - a potion of cancellation {unknown}
 m - 3 potions of curing
 r - a potion of brilliance
 t - a potion of might {unknown}


   Skills:
 - Level 2.0 Fighting
 + Level 8.6 Ranged Weapons
 - Level 2.1 Dodging
 - Level 1.0 Stealth


You had 5 spell levels left.
You didn't know any spells.
Your spell library was empty.

Dungeon Overview and Level Annotations

Branches:
Dungeon (4/15)
 Temple: D:4-7

Altars:
Cheibriados
Hepliaklqana
Nemelex Xobeh
Qazlal
Sif Muna
Wu Jian
Zin


Innate Abilities, Weirdness & Mutations

You have a beak for a mouth.
You have claws for feet.
Your magical nature lets you fly swiftly and evasively.


Message History

The hound misses you. x2
The hound barely misses you. The hound bites you but does no damage.
The hound bites you. The hound misses you. The hound misses you.
The hound closely misses you. The hound closely misses you.
The hound bites you but does no damage. The hound misses you.
The hound bites you. The hound bites you. The hound barely misses you.
The hound misses you. The hound bites you but does no damage.
The hound bites you. The hound closely misses you.
The hound bites you but does no damage. The hound closely misses you.
The hound bites you but does no damage. The hound misses you.
The hound closely misses you. The hound barely misses you.
The hound barely misses you. The hound misses you.
The hound closely misses you. The hound barely misses you. The hound bites you.
The hound bites you. The hound bites you.
* * * LOW HITPOINT WARNING * * *
The hound bites you but does no damage. The hound barely misses you.
The hound misses you. The hound closely misses you. The hound misses you.
The hound completely misses you. The hound misses you.
The hound closely misses you. The hound bites you.
* * * LOW HITPOINT WARNING * * *
The hound misses you. The hound bites you.
* * * LOW HITPOINT WARNING * * *
The hound misses you. The hound barely misses you.
The hound bites you but does no damage. The hound barely misses you.
The hound bites you.
* * * LOW HITPOINT WARNING * * *
The hound barely misses you. The hound misses you. The hound bites you.
You die...

........##..
#.............###.# .
##............. #.# #.
#...............#..# #..
......##...........#
#... #.............##.##
###..#....._...........#
#?.>...h._..._.#........
#.#@................
#..._..⌠.._.........
##.............[....
###....._....###..#
#..._...##..#....
###....##......##
########.....#.
##.....##.. #......##..


You could see a hound.

Vanquished Creatures
  A black bear (D:4)
  An orc priest (D:4)
  Natasha (thrice) (D:3)
  6 gnolls
  4 adders
  2 worms (D:2)
  3 dart slugs
  4 orcs (D:4)
  6 ball pythons
  5 endoplasms
  4 giant cockroaches (D:1)
  9 hobgoblins
  2 jackals (D:1)
  A quokka (D:2)
  8 bats
  3 frilled lizards
  8 goblins
  6 kobolds
  3 rats
79 creatures vanquished.

Notes
Turn   | Place    | Note
-------+----------+-------------------------------------------
     0 | D:1      | HoaS the Tengu Hunter began the quest for the Orb.
     0 | D:1      | Reached XP level 1. HP: 12/12 MP: 2/2
    74 | D:1      | Reached XP level 2. HP: 17/17 MP: 3/3
   184 | D:1      | Reached skill level 5 in Ranged Weapons
   276 | D:1      | Found a faded altar of an unknown god.
   363 | D:1      | Reached XP level 3. HP: 21/21 MP: 4/4
   934 | D:2      | Reached skill level 6 in Ranged Weapons
   934 | D:2      | Reached XP level 4. HP: 26/26 MP: 5/5
  1593 | D:3      | Gained mutation: Your magical nature lets you fly swiftly
                  | and evasively. [Tengu growth]
  1593 | D:3      | Reached XP level 5. HP: 30/30 MP: 6/6
  1637 | D:3      | Reached skill level 7 in Ranged Weapons
  1811 | D:3      | Noticed Natasha
  1814 | D:3      | Killed Natasha
  2002 | D:3      | Noticed Natasha
  2039 | D:3      | Killed Natasha
  2223 | D:3      | Reached XP level 6. HP: 35/35 MP: 7/7
  2345 | D:3      | Noticed Natasha
  2354 | D:3      | Killed Natasha
  2459 | D:4      | Noticed a black bear
  2467 | D:4      | Killed a black bear
  2468 | D:4      | Reached skill level 8 in Ranged Weapons
  2525 | D:4      | Found a shimmering blue altar of Sif Muna.
  2526 | D:4      | Found a snail-covered altar of Cheibriados.
  2532 | D:4      | Found a stormy altar of Qazlal.
  2533 | D:4      | Found a sparkling altar of Nemelex Xobeh.
  2534 | D:4      | Found an ornate altar of the Wu Jian Council.
  2534 | D:4      | Found a hazy altar of Hepliaklqana.
  2535 | D:4      | Found a glowing silver altar of Zin.
  2543 | D:4      | Became a worshipper of Zin the Law-Giver
  2543 | D:4      | Reached * piety under Zin
  2604 | D:4      | Slain by a hound

Illustrated notes

Levels and vault maps discovered:
D:1:      spicycebolla_arrival_xxxplode, layout_basic,
          hellmonk_ecumenical_altar_pennies_from_heaven, minmay_pentomino_p4
D:2:      layout_basic
D:3:      layout_loops_ring, uniq_natasha
D:4:      layout_cave_pools, grunt_temple_overflow_open

Skill      XL: |  1  2  3  4  5  6 |
---------------+-------------------+-----
Ranged Weapons | 5 6 7 8 |  8.6
Fighting       | |  2.0
Dodging        | |  2.1
Stealth        | |  1.0

Action                   |  1- 3 |  4- 6 || total
-------------------------+-------+-------++-------
Melee: Unarmed           |       |     8 ||     8
 Fire: Shortbow          |    66 |   104 ||   170
  Use: Scroll            |     6 |     9 ||    15
Armor: Leather armour    |     6 |    13 ||    19
       Skin              |       |     1 ||     1
Dodge: Dodged            |     8 |    74 ||    82

Table legend: (Time is in decaauts)
 A = Elapsed time spent in this place.
 B = Non-inter-level travel time spent in this place.
 C = Inter-level travel time spent in this place.
 D = Time resting spent in this place.
 E = Time spent auto-exploring this place.
 F = Levels seen in this place.
 G = Mean time per level.
                   A        B        C        D        E       F      G
               +--------+--------+--------+--------+--------+-----+--------+
         Total |   2579 |   2482 |     97 |    254 |   1718 |   4 |  644.8 |
       Dungeon |   2579 |   2482 |     97 |    254 |   1718 |   4 |  644.8 |
               +--------+--------+--------+--------+--------+-----+--------+

Top non-repeatable levels by time:
     D:1: 941 daAuts
     D:3: 786 daAuts
     D:2: 699 daAuts
     D:4: 151 daAuts
